 Dungeon Crawl Stone Soup version 0.30-a0-341-g682706514a (webtiles) character file.

Game seed: 16486866580229677267

1817 koil the Covert (level 8, -1/41 HPs)
             Began as a Spriggan Enchanter on Nov 3, 2022.
             Was a Priest of Wu Jian.
             Slain by a steam dragon (7 damage)
             ... on level 7 of the Dungeon.
             The game lasted 00:26:48 (6984 turns).

koil the Covert (Spriggan Enchanter)                Turns: 6984, Time: 00:26:49

Health: -1/41      AC:  2    Str: 10    XL:     8   Next: 85%
Magic:  18/18      EV: 22    Int: 19    God:    Wu Jian [***...]
Gold:   228        SH:  0    Dex: 21    Spells: 11/19 levels left

rFire   . . .      SeeInvis +    a - +1 dagger (spect)
rCold   . . .      Faith    .    (no shield)
rNeg    . . .      Spirit   .    h - +0 robe
rPois   .          Reflect  .    (helmet restricted)
rElec   .          Harm     .    (no cloak)
rCorr   .          Rampage  .    (gloves unavailable)
Will    +....                    (boots unavailable)
Stlth   ++++......               (no amulet)
HPRegen 0.26/turn                z - +6 ring of dexterity
MPRegen 0.16/turn                s - +6 ring of strength

@: very quick
A: very small, no large weapons, unfitting armour, see invisible, speed 3
a: Renounce Religion, Wall Jump, Serpent's Lash


You were on level 7 of the Dungeon.
You worshipped Wu Jian.
Wu Jian was most pleased with you.
You visited 2 branches of the dungeon, and saw 8 of its levels.
You also visited: Ossuary.

You collected 276 gold pieces.
You spent 48 gold pieces at shops.

Inventory:

Hand Weapons
 a - a +1 spectral dagger (weapon)
 l - a +1 short sword of venom
 q - a +4 flail of venom
 u - a +2 antimagic dagger
Missiles
 E - 10 poisoned darts (quivered)
Armour
 b - a +1 robe
 h - a +0 robe (worn)
 B - a +0 robe
Jewellery
 s - a +6 ring of strength (right hand)
 z - a +6 ring of dexterity (left hand)
 A - the ring of Syndicalism {Ice +Blink rPois rN+++ Str-5}
   (You found it on level 6 of the Dungeon)

   [ring of ice]

   It enhances your ice magic.
   Str:       It affects your strength (-5).
   rF:        It makes you vulnerable to fire.
   rC:        It protects you from cold.
   rPois:     It protects you from poison.
   rN:        It renders you almost immune to negative energy.
   +Blink:    It lets you blink.
 D - an amulet of the acrobat
 H - a ring of protection from fire
Wands
 d - a wand of mindburst (15)
 r - a wand of flame (12)
 v - a wand of paralysis (12)
 y - a wand of roots (8)
Scrolls
 f - 2 scrolls of magic mapping
 g - 3 scrolls of enchant weapon
 i - 2 scrolls of fear
 m - a scroll of summoning
 t - a scroll of enchant armour
 C - a scroll of teleportation
 F - a scroll of blinking {unknown}
 G - a scroll of immolation
Potions
 c - 3 potions of invisibility
 e - 2 potions of lignification
 j - 6 potions of curing
 k - a potion of heal wounds
 n - a potion of might
 o - 3 potions of magic
 p - a potion of resistance {unknown}
 w - 3 potions of haste
 x - a potion of mutation {unknown}


   Skills:
 + Level 3.6 Fighting
 + Level 5.1 Short Blades
 + Level 6.6 Dodging
 + Level 8.5 Stealth
 + Level 6.2 Spellcasting
 + Level 6.6 Hexes


You had 11 spell levels left.
You knew the following spells:

 Your Spells              Type           Power      Damage    Failure   Level
a - Ensorcelled Hibernat  Hex/Ice        36%        N/A       4%          2
b - Dazzling Flash        Conj/Hex       36%        N/A       9%          3
c - Confusing Touch       Hex            31%        N/A       2%          3

Your spell library contained the following spells:

 Spells                   Type           Power      Damage    Failure   Level
 Tukima's Dance           Hex            31%        N/A       2%          3
 Portal Projectile        Hex/Tloc       36%        N/A       9%          3
 Blade Hands              Tmut           2%         N/A       97%         5


Dungeon Overview and Level Annotations

Branches:
Dungeon (7/15)             Temple (1/1) D:4         Ossuary (visited)

Altars:
Ashenzari
Cheibriados
Dithmenos
Elyvilon
Fedhas
Gozag
Hepliaklqana
Makhleb
Okawaru
Qazlal
Ru
Trog
Uskayaw
Vehumet
Wu Jian
Xom
Yredelemnul
Zin
The Shining One

Shops:
D:6 *

Annotations:
D:6 Grinder


Innate Abilities, Weirdness & Mutations

You are very small and have problems with some larger weapons.
You are too small for most types of armour.
You have supernaturally acute eyesight. (SInv)
You cover ground extremely quickly. (Speed+++)


Message History

You barely miss the steam dragon.
The steam dragon is moderately wounded.
You hit the steam dragon.
The steam dragon is moderately wounded.
The steam dragon misses you. x2
You hit the steam dragon.
The steam dragon is heavily wounded.
The steam dragon misses you. The steam dragon completely misses you.
You closely miss the steam dragon.
The steam dragon is heavily wounded.
The steam dragon completely misses you. The steam dragon barely misses you.
You completely miss the steam dragon.
The steam dragon is heavily wounded.
You closely miss the steam dragon.
The steam dragon is heavily wounded.
The steam dragon closely misses you. The steam dragon completely misses you.
You hit the steam dragon but do no damage.
The steam dragon is heavily wounded.
The steam dragon closely misses you. The steam dragon claws you.
You hit the steam dragon.
The steam dragon is severely wounded.
The steam dragon completely misses you. The steam dragon closely misses you.
You hit the steam dragon but do no damage.
The steam dragon is severely wounded.
You hit the steam dragon.
The steam dragon is severely wounded.
The steam dragon breathes steam at you. The ball of steam misses you.
You hit the steam dragon but do no damage.
The steam dragon is severely wounded.
You are engulfed in a cloud of scalding steam.
The steam dragon bites you!
* * * LOW HITPOINT WARNING * * *
The steam dragon misses you.
You hit the steam dragon but do no damage.
The steam dragon is severely wounded.
You are engulfed in a cloud of scalding steam.
* * * LOW HITPOINT WARNING * * *
The steam dragon bites you!
You die...

#.# #.# #.# #># #.# #.#
#.############ #.#
#$...D@ยงยง....#######.##
#.##########...........
#####.###### #.# #.# #.#
#.# #.# #.#


You could see a steam dragon (catching breath).

Vanquished Creatures
  Sigmund (D:6)
  Eustachio (D:4)
  Edmund (D:6)
  A water moccasin (D:5)
  A black bear (D:4)
  An orc warrior (D:6)
  2 phantoms
  A centaur (D:5)
  Blork the orc (D:6)
  2 scorpions
  A howler monkey (D:6)
  A centaur zombie (Ossuary)
  3 hounds
  2 human zombies (Ossuary)
  2 orc priests
  A jelly (D:5)
  An iguana (D:6)
  4 orc wizards
  4 mummies (Ossuary)
  6 adders
  A shadow imp (D:4)
  6 white imps
  3 worms
  3 dart slugs
  11 orcs
  8 endoplasms
  4 giant cockroaches
  7 goblins
  4 hobgoblins
  7 jackals
  5 quokkas
  9 ball pythons
  A bat (D:2)
  A frilled lizard (D:1)
  A goblin zombie (D:4)
  11 kobolds
  2 kobold zombies (Ossuary)
  3 orc zombies (Ossuary)
  7 rats
  A rat zombie (D:4)
132 creatures vanquished.

Vanquished Creatures (others)
  2 orcs (D:7)
2 creatures vanquished.

Grand Total: 134 creatures vanquished

Notes
Turn   | Place    | Note
-------+----------+-------------------------------------------
     0 | D:1      | koil the Spriggan Enchanter began the quest for the Orb.
     0 | D:1      | Reached XP level 1. HP: 9/9 MP: 5/5
   213 | D:1      | Reached XP level 2. HP: 10/13 MP: 6/6
   216 | D:1      | Learned a level 2 spell: Ensorcelled Hibernation
   804 | D:1      | Found a faded altar of an unknown god.
   968 | D:1      | Reached XP level 3. HP: 14/17 MP: 8/8
   972 | D:1      | Learned a level 3 spell: Dazzling Flash
   990 | D:1      | Learned a level 3 spell: Confusing Touch
  1252 | D:2      | Reached skill level 5 in Stealth
  1573 | D:2      | Found an ornate altar of the Wu Jian Council.
  1614 | D:2      | Became a worshipper of the Wu Jian Council
  2030 | D:3      | Reached skill level 1 in Fighting
  2062 | D:3      | Reached XP level 4. HP: 22/22 MP: 9/9
  2260 | D:3      | Reached * piety under Wu Jian
  2432 | D:3      | Found a blossoming altar of Fedhas.
  2662 | D:3      | Noticed a scorpion
  2666 | D:3      | Killed a scorpion
  2667 | D:3      | Reached XP level 5. HP: 25/25 MP: 11/11
  2768 | D:4      | Found a staircase to the Ecumenical Temple.
  2776 | D:4      | You fall into a shaft and drop 2 floors!
  2810 | D:5      | Entered Level 5 of the Dungeon
  2844 | D:5      | Noticed a centaur
  2971 | D:4      | Reached XP level 6. HP: 27/30 MP: 13/13
  3281 | D:4      | Found a sand-covered staircase.
  3298 | Ossuary  | Entered an ossuary
  3339 | Ossuary  | Reached skill level 6 in Stealth
  3813 | Ossuary  | Reached ** piety under Wu Jian
  3814 | Ossuary  | Reached skill level 5 in Hexes
  4097 | D:4      | Reached XP level 7. HP: 14/35 MP: 14/14
  4323 | D:4      | Reached skill level 5 in Dodging
  4601 | D:4      | Noticed Eustachio
  4621 | D:4      | Killed Eustachio
  4622 | D:4      | Reached skill level 7 in Stealth
  4718 | Temple   | Entered the Ecumenical Temple
  4866 | D:5      | Reached skill level 5 in Spellcasting
  5030 | D:5      | Reached XP level 8. HP: 39/39 MP: 16/16
  5041 | D:5      | Found a stormy altar of Qazlal.
  5072 | D:5      | Found a snail-covered altar of Cheibriados.
  5524 | D:6      | Noticed Grinder
  5528 | D:6      | Paralysed by Grinder for 3 turns
  5886 | D:6      | Identified the ring of Syndicalism {Ice +Blink rPois rN+++
                  | Str-5}
  5890 | D:6      | Lost strength.
  5934 | D:6      | Noticed Blork the orc
  6070 | D:6      | Killed Blork the orc
  6211 | D:6      | Found a shimmering altar of Xom.
  6216 | D:6      | Noticed Edmund
  6327 | D:6      | Killed Edmund
  6328 | D:6      | Reached skill level 8 in Stealth
  6494 | D:6      | Reached *** piety under Wu Jian
  6598 | D:6      | Found Teoptood's Fire Supplies.
  6604 | D:6      | Bought a scroll of immolation for 48 gold pieces
  6697 | D:6      | Noticed Sigmund
  6701 | D:6      | Killed Sigmund
  6702 | D:6      | Reached skill level 5 in Short Blades
  6726 | D:6      | Found a hide-covered altar of Uskayaw.
  6728 | D:6      | Found a sacrificial altar of Ru.
  6728 | D:6      | Found a shadowy altar of Dithmenos.
  6984 | D:7      | Slain by a steam dragon

Illustrated notes

Levels and vault maps discovered:
D:1:      dpeg_arrival_tiny_h, layout_loops_corners,
          ebering_ecumenical_altar_abandoned
D:2:      layout_basic, basic_altar
D:3:      layout_loops_ring, mainiacjoe_overflow_surrounded_room
D:4:      layout_gridville, minmay_temple_entry_grid, serial_glass,
          glass_columns_a, glass_columns_a, enter_ossuary_4,
          supply_closet_lemuel, uniq_eustachio
D:5:      layout_basic, slow_altar_1, kennysheep_mini_moat,
          hangedman_abyss_or_decor_stagger
D:6:      layout_rooms, lemuel_doored_altar, gammafunk_temple_overflow_claw,
          nicolae_shop_fire_sale [nicolae_sub_dead_trees], uniq_sigmund,
          uniq_blork_the_orc, uniq_edmund, uniq_grinder
D:7:      layout_loops_ring, kennysheep_vampire_church,
          mainiacjoe_overflow_alcove_4, uniq_prince_ribbit1, uniq_maggie,
          uniq_joseph
Temple:   nicolae_temple_ecumenical_triangle

Skill      XL: |  1  2  3  4  5  6  7  8 |
---------------+-------------------------+-----
Dodging        | 3 4 5 6 |  6.6
Spellcasting   | 3 4 5 6 |  6.2
Hexes          | 4 5 6 |  6.6
Stealth        | 5 6 7 8 |  8.5
Short Blades   | 2 3 4 5 |  5.1
Fighting       | 1 2 3 |  3.6

Action                   |  1- 3 |  4- 6 |  7- 9 || total
-------------------------+-------+-------+-------++-------
Melee: Dagger            |   164 |     6 |   162 ||   332
       Punch             |     2 |     6 |     6 ||    14
       Short sword       |    30 |   209 |    61 ||   300
Throw: Dart              |       |       |    16 ||    16
 Cast: Ensorcelled Hiber |     4 |       |     6 ||    10
Invok: Lunge             |     5 |     4 |    15 ||    24
       Whirlwind         |       |     1 |    12 ||    13
Evoke: Wand              |       |    15 |       ||    15
  Use: Scroll            |       |    15 |     3 ||    18
       Potion            |       |       |     1 ||     1
 Stab: Sleeping          |    13 |    14 |     9 ||    36
       Distracted        |       |     1 |     1 ||     2
Armor: Robe              |    15 |     9 |     4 ||    28
Dodge: Dodged            |   132 |   120 |   141 ||   393

Table legend: (Time is in decaauts)
 A = Elapsed time spent in this place.
 B = Non-inter-level travel time spent in this place.
 C = Inter-level travel time spent in this place.
 D = Time resting spent in this place.
 E = Time spent auto-exploring this place.
 F = Levels seen in this place.
 G = Mean time per level.
                   A        B        C        D        E       F      G
               +--------+--------+--------+--------+--------+-----+--------+
         Total |   5157 |   5060 |     97 |    796 |   2790 |   9 |  573.0 |
       Dungeon |   4467 |   4370 |     97 |    462 |   2739 |   7 |  638.1 |
        Temple |     47 |     47 |      0 |      0 |     20 |   1 |   47.0 |
       Ossuary |    642 |    642 |      0 |    334 |     30 |   1 |  642.0 |
               +--------+--------+--------+--------+--------+-----+--------+

Top non-repeatable levels by time:
     D:5: 929 daAuts
     D:6: 805 daAuts
     D:1: 780 daAuts
     D:4: 778 daAuts
 Ossuary: 642 daAuts
     D:2: 615 daAuts
     D:3: 447 daAuts
     D:7: 110 daAuts
  Temple: 47 daAuts
